 Dungeon Crawl Stone Soup version 0.29-a0-553-g81b289dbe5 (webtiles) character file.

Game seed: 7188468095147925892

67 DocClef the Covert (level 4, 0/41 HPs)
             Began as a Gnoll Delver on June 6, 2022.
             Slain by an orc wizard
             ... wielding a +0 dagger
              (2 damage)
             ... on level 4 of the Dungeon.
             The game lasted 00:00:47 (702 turns).

DocClef the Covert (Gnoll Delver)                    Turns: 702, Time: 00:00:48

Health: 0/41       AC:  3    Str: 13    XL:     4   Next: 16%
Magic:  5/5        EV: 13    Int: 10    God:
Gold:   28         SH:  0    Dex: 13    Spells: 5/5 levels left

rFire   . . .      SeeInvis .   a - +0 short sword
rCold   . . .      Faith    .   (no shield)
rNeg    . . .      Spirit   .   b - +0 leather armour
rPois   .          Reflect  .   (no helmet)
rElec   .          Harm     .   (no cloak)
rCorr   .          Rampage  .   (no gloves)
Will    .....                   (no boots)
Stlth   ++........              (no amulet)
HPRegen 0.13/turn               (no ring)
MPRegen 0.09/turn               (no ring)

@: confused
A: fangs 1, strong nose, distributed training
a: no special abilities


You were on level 4 of the Dungeon.
You visited 1 branch of the dungeon, and saw 2 of its levels.

You collected 28 gold pieces.

Inventory:

Hand Weapons
 a - a +0 short sword (weapon)
Armour
 b - a +0 leather armour (worn)
Wands
 g - a wand of digging (3)
 k - a wand of polymorph (8)
Scrolls
 c - a scroll of fog
 d - a scroll of magic mapping
 e - a scroll of fear
 j - a scroll of identify {unknown}
Potions
 f - a potion of haste


   Skills:
 + Level 6.6 Fighting
 + Level 4.6 Short Blades
 + Level 1.0 Long Blades
 + Level 1.0 Axes
 + Level 1.0 Maces & Flails
 + Level 1.0 Polearms
 + Level 1.0 Staves
 + Level 1.0 Slings
 + Level 1.0 Bows
 + Level 1.0 Crossbows
 + Level 1.0 Throwing
 + Level 1.0 Armour
 + Level 4.6 Dodging
 + Level 9.6 Stealth
 + Level 1.0 Shields
 + Level 1.0 Unarmed Combat
 + Level 1.0 Spellcasting
 + Level 0.8 Conjurations
 + Level 0.8 Hexes
 + Level 0.8 Summonings
 + Level 0.8 Necromancy
 + Level 0.8 Translocations
 + Level 0.8 Transmutations
 + Level 0.8 Fire Magic
 + Level 0.8 Ice Magic
 + Level 0.8 Air Magic
 + Level 0.8 Earth Magic
 + Level 0.8 Poison Magic
 + Level 1.1 Invocations
 + Level 1.0 Evocations


You had 5 spell levels left.
You didn't know any spells.
Your spell library was empty.

Dungeon Overview and Level Annotations

Branches:
Dungeon (5/15)
 Temple: D:4-7

Altars:
Fedhas
Nemelex Xobeh

Shops:
D:5 [


Innate Abilities, Weirdness & Mutations

You have very sharp teeth.
Your uncanny sense of smell can sniff out nearby items.
Your experience applies equally to all skills.


Message History

* * * LOW HITPOINT WARNING * * *
It was a potion of heal wounds.
You feel much better. Something hits you but does no damage.
You completely miss something. Something hits you.
You miss something. Something hits you.
You hit something but do no damage. You hit something but do no damage.
Your bite misses something. Something barely misses you.
You barely miss something. Something hits you but does no damage.
You hit something but do no damage. Your bite misses something.
Something hits you.
You barely miss something. Something hits you.
You barely miss something. Your bite misses something. Something hits you.
You hit something. Something hits you but does no damage.
You closely miss something. You bite something. Something hits you.
You miss something. Your bite misses something. You barely miss something.
Something barely misses you.
You miss something.
You hear some strange, mumbled words.
You are confused.
You completely miss something.
You hear some strange, mumbled words.
You are more confused.
You hit something. Something hits you but does no damage.
You bump into the rock wall.
You hear some strange, mumbled words.
A magic dart appears from out of thin air!
The magic dart hits you.
* * * LOW HITPOINT WARNING * * *
You barely miss something. Something hits you but does no damage.
You completely miss something. Your bite misses something.
Something barely misses you.
You closely miss something.
You hear some strange, mumbled words.
A puff of flame appears from out of thin air!
The puff of flame hits you!
* * * LOW HITPOINT WARNING * * *
Something hits you but does no damage.
You miss something. Something hits you.
You die...

..# ..# #######
..# #.....# ###
#.....# #.....#
#.....# #.../.#
#.....########.#
#......Ko{@..$>#
#####.##########
###.####
#########......#
#.##.##.#......#
...............#
#.##.##.#......#
#########......#
....... ....####


You could see an orc and a kobold.

Vanquished Creatures
  An iguana (D:5)
  An orc wizard (D:4)
  An adder (D:4)
  An ufetubus (D:4)
  An endoplasm (D:4)
  3 hobgoblins (D:4)
  A ball python (D:4)
  A kobold (D:4)
10 creatures vanquished.

Notes
Turn   | Place    | Note
-------+----------+-------------------------------------------
     0 | D:5      | Reached skill level 9 in Stealth
     0 | D:5      | DocClef the Gnoll Delver began the quest for the Orb.
     0 | D:5      | Reached XP level 1. HP: 23/23 MP: 1/1
     0 | D:5      | Found Urunevev's Armour Shoppe.
    42 | D:5      | Found a blossoming altar of Fedhas.
    43 | D:5      | Noticed an iguana
    50 | D:5      | Killed an iguana
    51 | D:5      | Reached XP level 2. HP: 29/29 MP: 2/2
    51 | D:5      | Reached XP level 3. HP: 35/35 MP: 3/3
   413 | D:4      | Found a sparkling altar of Nemelex Xobeh.
   418 | D:4      | Reached skill level 1 in Invocations
   669 | D:4      | Reached skill level 1 in Long Blades
   669 | D:4      | Reached skill level 1 in Axes
   669 | D:4      | Reached skill level 1 in Maces & Flails
   669 | D:4      | Reached skill level 1 in Polearms
   669 | D:4      | Reached skill level 1 in Staves
   669 | D:4      | Reached skill level 1 in Slings
   669 | D:4      | Reached skill level 1 in Bows
   669 | D:4      | Reached skill level 1 in Crossbows
   669 | D:4      | Reached skill level 1 in Throwing
   669 | D:4      | Reached skill level 1 in Armour
   669 | D:4      | Reached skill level 1 in Shields
   669 | D:4      | Reached skill level 1 in Unarmed Combat
   669 | D:4      | Reached skill level 1 in Spellcasting
   669 | D:4      | Reached skill level 1 in Evocations
   669 | D:4      | Reached XP level 4. HP: 14/41 MP: 5/5
   700 | D:4      | HP: 2/41 [something/puff of flame (9)]
   702 | D:4      | Slain by an orc wizard

Illustrated notes

Levels and vault maps discovered:
D:4:      layout_basic, mainiacjoe_overflow_paths,
          amcnicky_mini_corridor_feature
D:5:      wander_river, layout_basic, mainiacjoe_overflow_catwalk,
          general_overflow_altar, nicolae_take_the_stairs,
          minmay_misc_feat_roman, goddamned_bats

Skill      XL: |  1  2  3 |
---------------+----------+-----
Stealth        | |  9.6
Invocations    | 1 |  1.1
Long Blades    | 1 |  1.0
Axes           | 1 |  1.0
Maces & Flails | 1 |  1.0
Polearms       | 1 |  1.0
Staves         | 1 |  1.0
Slings         | 1 |  1.0
Bows           | 1 |  1.0
Crossbows      | 1 |  1.0
Throwing       | 1 |  1.0
Armour         | 1 |  1.0
Shields        | 1 |  1.0
Unarmed Combat | 1 |  1.0
Spellcasting   | 1 |  1.0
Evocations     | 1 |  1.0
Fighting       | |  6.6
Short Blades   | |  4.6
Dodging        | |  4.6
Conjurations   | |  0.8
Hexes          | |  0.8
Summonings     | |  0.8
Necromancy     | |  0.8
Translocations | |  0.8
Transmutations | |  0.8
Fire Magic     | |  0.8
Ice Magic      | |  0.8
Air Magic      | |  0.8
Earth Magic    | |  0.8
Poison Magic   | |  0.8

Action                   |  1- 3 |  4- 6 || total
-------------------------+-------+-------++-------
Melee: Short sword       |    45 |    28 ||    73
       Bite              |     6 |     1 ||     7
       Punch             |     1 |       ||     1
  Use: Potion            |       |     2 ||     2
 Stab: Sleeping          |     3 |       ||     3
Armor: Leather armour    |     6 |     6 ||    12
Dodge: Dodged            |    37 |     4 ||    41

Table legend: (Time is in decaauts)
 A = Elapsed time spent in this place.
 B = Non-inter-level travel time spent in this place.
 C = Inter-level travel time spent in this place.
 D = Time resting spent in this place.
 E = Time spent auto-exploring this place.
 F = Levels seen in this place.
 G = Mean time per level.
                   A        B        C        D        E       F      G
               +--------+--------+--------+--------+--------+-----+--------+
         Total |    692 |    692 |      0 |    290 |    255 |   2 |  346.0 |
       Dungeon |    692 |    692 |      0 |    290 |    255 |   2 |  346.0 |
               +--------+--------+--------+--------+--------+-----+--------+

Top non-repeatable levels by time:
     D:4: 620 daAuts
     D:5: 71 daAuts
